 Dungeon Crawl Stone Soup version 0.28.0-43-g3370ac3207 (webtiles) character file.

Game seed: 4169836573252225698

2938 buriedalive the Frost Mage (level 9, -1/45 HPs)
             Began as a Deep Elf Ice Elementalist on Mar 4, 2022.
             Was an Initiate of Ashenzari.
             Slain by a vampire mosquito (5 damage)
             ... on level 7 of the Dungeon on Mar 7, 2022.
             The game lasted 00:17:57 (6272 turns).

buriedalive the Frost Mage (DEIE)                   Turns: 6272, Time: 00:17:57

Health: -1/45      AC:  5    Str:  5    XL:     9   Next: 51%
Magic:  10/15      EV: 16    Int: 25    God:    Ashenzari [......]
Gold:   251        SH:  0    Dex: 15    Spells: 7/14 levels left

rFire   . . .      SeeInvis .   o - +2 dagger (speed)
rCold   . . .      Faith    .   (no shield)
rNeg    . . .      Spirit   .   i - +1 troll leather armour
rPois   .          Reflect  .   (no helmet)
rElec   .          Harm     .   (no cloak)
rCorr   .          Rampage  .   (no gloves)
Will    .....                   (no boots)
Stlth   ++........              m - amulet of magic regeneration
HPRegen 0.95/turn               (no ring)
MPRegen 0.54/turn               (no ring)

@: freezing walls, unable to read
A: talons 1, mutation resistance 1, inability to read while threatened
a: Renounce Religion


You were on level 7 of the Dungeon.
You worshipped Ashenzari.
Ashenzari was noncommittal.
You visited 2 branches of the dungeon, and saw 8 of its levels.

You collected 251 gold pieces.

Inventory:

Hand Weapons
 d - a +2 short sword of speed
 g - a +0 dagger
 o - a +2 dagger of speed (weapon)
Missiles
 e - 162 stones
Armour
 a - a +0 robe
 c - a +2 robe of positive energy
 i - a +1 troll leather armour (worn)
 v - a +2 robe of willpower
 z - quicksilver dragon scales
Magical Staves
 f - a staff of fire
 q - a staff of air
Jewellery
 m - an amulet of magic regeneration (around neck)
Wands
 k - a wand of digging (4)
Scrolls
 h - a scroll of summoning {unknown}
 j - 3 scrolls of teleportation
 r - 2 scrolls of fog {unknown}
 s - 2 scrolls of noise {unknown}
 t - 2 scrolls of torment {unknown}
 w - 2 scrolls of identify
 y - a scroll of holy word {unknown}
Potions
 l - a potion of attraction {unknown}
 n - a potion of magic {unknown}
 p - a potion of berserk rage {unknown}
 x - a potion of haste {unknown}


   Skills:
 + Level 11.3 Dodging
 - Level 2.4 Stealth
 - Level 3.0 Spellcasting
 + Level 11.3 Ice Magic


You had 7 spell levels left.
You knew the following spells:

 Your Spells              Type           Power      Damage    Failure   Level
a - Freeze                Ice            100%       1d11      1%          1
b - Ozocubu's Armour      Ice            57%        N/A       1%          3
c - Frozen Ramparts       Ice            100%       1d12      1%          3

Your spell library contained the following spells:

 Spells                   Type           Power      Damage    Failure   Level
 Hailstorm                Conj/Ice       32%        3d8       17%         4
 Corpse Rot               Necr/Air       6%         N/A       26%         2
 Ignite Poison            Fire/Tmut/Pois 3%         N/A       45%         3
 Mephitic Cloud           Conj/Pois/Air  3%         N/A       45%         3
 Freezing Cloud           Conj/Ice/Air   11%        6-21      69%         5
 Dispel Undead            Necr           3%         3d7       86%         4
 Death Channel            Necr           1%         N/A       100%        6


Dungeon Overview and Level Annotations

Branches:
Dungeon (7/15)             Temple (1/1) D:6

Altars:
Ashenzari
Cheibriados
Fedhas
Hepliaklqana
Okawaru
Qazlal
Ru
Sif Muna
Uskayaw
Vehumet
Wu Jian
Yredelemnul
Zin
The Shining One

Annotations:
D:4 2 transporters
D:6 exclusion: statue


Innate Abilities, Weirdness & Mutations

You have sharp toenails.
You are somewhat resistant to further mutation.
You sometimes lose the ability to read scrolls when taking damage.


Message History

The vampire mosquito closely misses you.
The vampire mosquito bites you.
The vampire mosquito draws strength from your injuries!
The iguana bites you.
The phantom resists.
The wall freezes the phantom.
The phantom closely misses you.
The wall freezes the vampire mosquito but does no damage.
The vampire mosquito closely misses you. x2
Your icy armour and frozen ramparts will break if you move.
Continue?
Your icy armour cracks and falls away as you move.
The frozen ramparts melt away as you move.
The iguana closely misses you.
The vampire mosquito closely misses you.
The vampire mosquito bites you but does no damage.
Found a scale mail.
The iguana misses you. The vampire mosquito bites you!
* * * LOW HITPOINT WARNING * * *
The vampire mosquito draws strength from your injuries!
The vampire mosquito bites you.
* * * LOW HITPOINT WARNING * * *
The vampire mosquito draws strength from your injuries!
You feel better. The vampire mosquito bites you!
* * * LOW HITPOINT WARNING * * *
The vampire mosquito draws strength from your injuries!
Okay, then.
Casting: Freeze (safe; 1% risk of failure)
Confirm with . or Enter, or press ? or * to list all spells.
Okay, then.
Casting: Freeze (safe; 1% risk of failure)
Confirm with . or Enter, or press ? or * to list all spells.
Casting: Frozen Ramparts (safe; 1% risk of failure)
Press: ? - help, Dir - look around, f - activate The walls around you are covered in ice.
The wall freezes the vampire mosquito.
The vampire mosquito bites you!
* * * LOW HITPOINT WARNING * * *
The vampire mosquito draws strength from your injuries!
The wall freezes the vampire mosquito.
The vampire mosquito bites you but does no damage.
The wall freezes the vampire mosquito.
The vampire mosquito closely misses you.
The wall freezes the vampire mosquito.
The vampire mosquito bites you.
You die...

...+ ....#
#.#....#....#
#####.#.#...=..#
........#.$#..#
........#....#
........#†..##∩
........#W.†.##
........#ly...##
#@#......#
#yyl......#
#.........#..#
#.........# ..
##.......... .
#.....<$....
#.......####
#.[......
#.......##


You could see 2 vampire mosquitoes and an iguana.

Vanquished Creatures
  Pikel (D:6)
  2 vampire mosquitoes (D:7)
  An acid dragon (D:6)
  A water moccasin (D:6)
  A sky beast (D:6)
  A hornet zombie (D:6)
  A black bear (D:6)
  2 necrophages
  An ice beast (D:6)
  2 orc warriors (D:6)
  A centaur (D:6)
  2 phantoms (D:6)
  3 lemures (D:6)
  2 bullfrogs (D:6)
  A scorpion (D:6)
  A water moccasin zombie (D:4)
  A wight (D:4)
  A hound (D:4)
  An orc priest (D:6)
  A centaur zombie (D:6)
  A human zombie (D:4)
  A bullfrog skeleton (D:6)
  4 iguanas
  4 orc wizards (D:6)
  A scorpion zombie (D:4)
  A hound zombie (D:4)
  3 mummies (D:4)
  A howler monkey zombie (D:4)
  7 gnolls
  A howler monkey skeleton (D:6)
  14 adders
  2 white imps (D:6)
  2 ufetubi (D:6)
  2 adder zombies (D:4)
  An adder skeleton (D:4)
  2 worms
  2 dart slugs (D:4)
  6 orcs (D:6)
  7 ball pythons
  5 endoplasms
  6 giant cockroaches
  10 goblins
  10 hobgoblins
  8 jackals
  6 kobolds
  3 quokkas
  6 bats
  A frilled lizard (D:1)
  5 rats
149 creatures vanquished.

Notes
Turn   | Place    | Note
-------+----------+-------------------------------------------
     0 | D:1      | buriedalive the Deep Elf Ice Elementalist began the quest
                  | for the Orb.
     0 | D:1      | Reached XP level 1. HP: 10/10 MP: 6/6
   317 | D:1      | Found a faded altar of an unknown god.
   384 | D:1      | Reached XP level 2. HP: 14/15 MP: 5/8
   503 | D:1      | Reached skill level 5 in Ice Magic
  1131 | D:2      | Reached XP level 3. HP: 19/19 MP: 4/9
  1964 | D:2      | Reached XP level 4. HP: 24/24 MP: 10/10
  2182 | D:2      | Gained mutation: You have sharp toenails. [potion of
                  | mutation]
  2182 | D:2      | Gained mutation: You sometimes lose the ability to read
                  | scrolls when taking damage. [potion of mutation]
  2182 | D:2      | Gained mutation: You are somewhat resistant to further
                  | mutation. [potion of mutation]
  2302 | D:2      | Learned a level 3 spell: Ozocubu's Armour
  2306 | D:2      | Learned a level 3 spell: Frozen Ramparts
  2800 | D:3      | Reached XP level 5. HP: 28/28 MP: 11/11
  3162 | D:4      | Found a sacrificial altar of Ru.
  3186 | D:4      | Found a shimmering blue altar of Sif Muna.
  3310 | D:4      | Found a blossoming altar of Fedhas.
  3430 | D:4      | Reached skill level 5 in Dodging
  3463 | D:4      | Found a transporter.
  3466 | D:4      | Noticed an ice beast
  3469 | D:4      | Noticed an ice beast
  3469 | D:4      | Noticed an ice beast
  3585 | D:4      | Found a transporter.
  4093 | D:4      | Reached XP level 6. HP: 10/29 MP: 5/12
  4355 | D:4      | Found a basalt altar of Yredelemnul.
  4543 | D:4      | Reached XP level 7. HP: 36/36 MP: 9/13
  4629 | D:5      | Entered Level 5 of the Dungeon
  4857 | D:5      | Noticed a wraith
  5070 | D:6      | Found a staircase to the Ecumenical Temple.
  5091 | Temple   | Entered the Ecumenical Temple
  5136 | Temple   | Became a worshipper of Ashenzari the Shackled
  5351 | D:6      | Reached XP level 8. HP: 39/41 MP: 12/14
  5386 | D:6      | Found a radiant altar of Vehumet.
  5615 | D:6      | Noticed Pikel
  5645 | D:6      | Killed Pikel
  5649 | D:6      | Reached skill level 10 in Ice Magic
  5827 | D:6      | Reached skill level 10 in Dodging
  5828 | D:6      | Reached XP level 9. HP: 23/45 MP: 15/15
  6257 | D:6      | You fall into a shaft and drop 1 floor!
  6272 | D:7      | Slain by a vampire mosquito

Illustrated notes

Levels and vault maps discovered:
D:1:      dpeg_arrival_chambers_temple_mockup, layout_rooms,
          chequers_ecumenical_altar_twisty, hangedman_decor_peaks_small,
          minivault_25, hangedman_abyss_or_decor_stabs, amethyst_killhole,
          minmay_tiny_reverse_x
D:2:      layout_loops_ring
D:3:      layout_loops_ring, hex_large
D:4:      gammafunk_cloud_chamber, layout_loops_cross,
          lemuel_mausoleum_altar_yredelemnul, jmf_multi_god_temple,
          mainiacjoe_overflow_alcove_4
D:5:      layout_loops_corners, nicolae_elyvilon_peaceful_grove,
          mainiacjoe_overflow_tiny_flanked, glass_columns_a,
          uniq_crazy_yiuf_cottage
D:6:      wad_guarded_room, layout_basic,
          grunt_temple_overflow_champion_of_chaos, vehumet_statue,
          minmay_temple_entry_statues_pillars, minmay_misc_feat_tiny, uniq_pikel
D:7:      layout_basic, bloody_trog, nicolae_ossuary_entry_giza
Temple:   jpeg_temple_island

Skill      XL: |  1  2  3  4  5  6  7  8  9 |
---------------+----------------------------+-----
Ice Magic      | 5 6 7 8 10 11 | 11.3
Dodging        | 3 4 5 6 8 10 11 | 11.3
Stealth        | |  2.4
Spellcasting   | |  3.0

Action                   |  1- 3 |  4- 6 |  7- 9 || total
-------------------------+-------+-------+-------++-------
Melee: Unarmed           |     2 |       |       ||     2
       Staff             |     1 |       |       ||     1
       Dagger            |    23 |   217 |   222 ||   462
       Kick              |       |    72 |    90 ||   162
       Punch             |       |     6 |     3 ||     9
 Cast: Freeze            |    53 |    29 |     9 ||    91
       Frozen Ramparts   |       |     7 |    26 ||    33
       Ozocubu's Armour  |       |     3 |    25 ||    28
  Use: Scroll            |       |     7 |       ||     7
       Potion            |       |     3 |     4 ||     7
 Stab: Sleeping          |     5 |    12 |       ||    17
Armor: Robe              |     3 |       |       ||     3
       Troll leather arm |    10 |    45 |    79 ||   134
Dodge: Dodged            |    39 |   113 |   183 ||   335
